 Dungeon Crawl Stone Soup version 0.31.0-11-ge490571c62 (webtiles) character file.

Game seed: 14326949512548007191

296 qw the Shooter (level 6, 0/30 HPs)
             Began as a Spriggan Hunter on Feb 3, 2024.
             Incinerated by a bombardier beetle (3 damage)
             ... with a burning spray
             ... on level 3 of the Dungeon.
             The game lasted 00:00:07 (1584 turns).

qw the Shooter (Spriggan Hunter)                    Turns: 1584, Time: 00:00:08

Health: 0/30       AC:  2    Str: 13    XL:     6   Next: 12%
Magic:  0/7        EV: 21    Int: 10    God:
Gold:   120        SH:  0    Dex: 21    Spells: 5/5 levels left

rFire   . . .        a - +0 shortbow
rCold   . . .        (shield currently unavailable)
rNeg    . . .        c - +0 robe
rPois   .            (helmet restricted)
rElec   .            (no cloak)
rCorr   .            (gloves unavailable)
SInv    +            (boots unavailable)
Will    +....        e - amulet of guardian spirit
Stlth   +            g - +6 ring of strength
HPRegen 0.25/turn    (no ring)
MPRegen 0.10/turn

%: guardian spirit
@: on fire, glowing, very quick
A: very small, no large weapons, unfitting armour, see invisible, speed 3
a: no special abilities


You were on level 3 of the Dungeon.
You visited 1 branch of the dungeon, and saw 3 of its levels.

You collected 120 gold pieces.


Innate Abilities, Weirdness & Mutations

You are very small and have problems with some larger weapons.
You are too small for most types of armour.
You have supernaturally acute eyesight. (SInv)
You cover ground extremely quickly. (Speed+++)


   Skills:
 - Level 2.0 Fighting
 - Level 6.0 Ranged Weapons
 + Level 5.9 Dodging
 - Level 1.5 Stealth


You had 5 spell levels left.
You didn't know any spells.
Your spell library was empty.

Inventory:

Hand Weapons
 a - a +0 shortbow (weapon)
Armour
 c - a +0 robe (worn)
Jewellery
 e - an amulet of guardian spirit (around neck)
 g - a +6 ring of strength (left hand)
Scrolls
 f - a scroll of teleportation
Potions
 b - a potion of heal wounds {unknown}
 d - a potion of enlightenment
 h - 2 potions of curing
 i - a potion of haste {unknown}

Dungeon Overview and Level Annotations

Branches:
Dungeon (3/15)

Altars:
Xom

Annotations:
D:3 qw's ghost, amateur DEHu


Message History

The burning spray misses you.
You shoot an arrow. The arrow closely misses the bat.
The bat misses you.
You shoot an arrow.
The arrow hits the bat but does no damage.
The bat closely misses you.
You shoot an arrow. The arrow misses the bat.
The bat closely misses you.
You shoot an arrow. The arrow hits the bat.
The bat is severely wounded.
The bat misses you.
You shoot an arrow. The arrow hits the bat.
You kill the bat!
The bombardier beetle sprays incendiary fluid at you.
The burning spray hits you.
You are covered in liquid fire!
You shoot an arrow. The arrow hits the bombardier beetle!
The bombardier beetle is heavily wounded.
The liquid fire burns you!
You shoot an arrow. The arrow hits the bombardier beetle!
You kill the bombardier beetle!
The liquid fire burns you!
Your Fighting skill increases to level 2!
You are on fire!
The liquid fire burns you!
You are on fire!
The liquid fire burns you!
You are on fire!
The liquid fire burns you!
You are on fire!
The liquid fire burns you!
You are on fire!
The liquid fire burns you!
You are on fire!
The liquid fire burns you!
You are on fire!
The liquid fire burns you!
You are on fire!
The liquid fire burns you!
You die...

#.###.#### ##.#.).#
##....### #..#.##
###.##.# #### ##...#..#
..>..####..##..## #
###......###.## #
#...%.@......# ###
......%.##....### ##..
.......######.[.#####..#
....... ###.).%.....
....... ###..~~~~~
......# #..}.... .#...#
#..}.### #### ##...#_#
#.~.#.#


There were no monsters in sight!

Vanquished Creatures
  An ice beast (D:3)
  An ogre (D:3)
  A bombardier beetle (D:3)
  An orc wizard (D:3)
  A ribbon worm (D:2)
  2 dart slugs (D:1)
  5 orcs (D:3)
  2 endoplasms
  3 giant cockroaches
  6 goblins
  5 hobgoblins
  3 jackals (D:1)
  A quokka (D:3)
  3 ball pythons
  6 bats
  5 frilled lizards
  2 kobolds (D:1)
  4 rats
52 creatures vanquished.

Notes
Turn   | Place    | Note
-------+----------+-------------------------------------------
     0 | D:1      | qw the Spriggan Hunter began the quest for the Orb.
     0 | D:1      | Reached XP level 1. HP: 10/10 MP: 2/2
     0 | D:1      | 0 ||| qw: Version: 0.3-a-157-g843a77d
     0 | D:1      | 0 ||| qw: Game counter: 3986
     0 | D:1      | 0 ||| qw: Melee chars always use a shield: true
     0 | D:1      | 0 ||| qw: God list: Okawaru
     0 | D:1      | 0 ||| qw: Allow faded altars: false
     0 | D:1      | 0 ||| qw: Do Orc after clearing Dungeon:15 true
     0 | D:1      | 0 ||| qw: Do second Lair branch before Depths: true
     0 | D:1      | 0 ||| qw: Lair rune preference: random
     0 | D:1      | 0 ||| qw: Goals: Normal
     0 | D:1      | 0 ||| PLANNING D:1-11
    59 | D:1      | Reached skill level 3 in Dodging
   128 | D:1      | Reached XP level 2. HP: 14/14 MP: 3/3
   706 | D:1      | 706 ||| UPGRADING to amulet of guardian spirit.
   711 | D:1      | 711 ||| UPGRADING to +6 ring of strength.
   712 | D:1      | 712 ||| READING scroll labelled TEBAGE QIYCS.
   712 | D:1      | 712 ||| IDENTIFYING cyan potion
   713 | D:1      | 713 ||| READING scroll labelled POLARU UVVAPTU.
   718 | D:1      | 718 ||| DRINKING 2 silvery potions.
   719 | D:1      | 719 ||| DROPPING scroll of butterflies.
   746 | D:2      | Reached XP level 3. HP: 18/18 MP: 4/4
   769 | D:2      | Found a shimmering altar of Xom.
  1325 | D:2      | 1325 ||| READING 2 scrolls labelled IXATZO CANKESE.
  1326 | D:2      | 1326 ||| DROPPING scroll of noise.
  1333 | D:3      | Noticed an ice beast
  1334 | D:3      | 1334 ||| RETREEEEATING.
  1335 | D:3      | 1335 ||| RETREEEEATING.
  1336 | D:3      | 1336 ||| RETREEEEATING.
  1337 | D:3      | 1337 ||| RETREEEEATING.
  1338 | D:3      | 1338 ||| RETREEEEATING.
  1339 | D:3      | 1339 ||| RETREEEEATING.
  1342 | D:3      | Noticed qw's ghost (amateur DEHu)
  1357 | D:3      | Killed an ice beast
  1358 | D:3      | Reached skill level 6 in Ranged Weapons
  1358 | D:3      | Reached XP level 4. HP: 22/22 MP: 5/5
  1358 | D:3      | Reached XP level 5. HP: 25/25 MP: 6/6
  1498 | D:3      | Noticed an ogre
  1508 | D:3      | Killed an ogre
  1521 | D:3      | Reached XP level 6. HP: 30/30 MP: 7/7
  1529 | D:3      | Found a faded altar of an unknown god.
  1582 | D:3      | HP: 6/30 [burnt (3)]
  1584 | D:3      | Incinerated by a bombardier beetle

Levels and vault maps discovered:
D:1:      matt_arrival_refuge, layout_basic
D:2:      layout_loops_ring, basic_altar
D:3:      layout_rooms, gammafunk_ghost_arena,
          shapermc_ecumenical_altar_acropolis, grunt_decor_arrowhead

Skill      XL: |  1  2  3  4  5  6 |
---------------+-------------------+-----
Dodging        | 3 4 5 |  5.9
Ranged Weapons | 6 |  6.0
Fighting       | 2 |  2.0
Stealth        | |  1.5

Action                     |  1- 3 |  4- 6 || total
---------------------------+-------+-------++-------
   Fire: Shortbow          |   121 |    53 ||   174
    Use: Scroll            |     3 |       ||     3
         Potion            |     1 |       ||     1
 Armour: Robe              |     8 |     8 ||    16
  Dodge: Dodged            |    53 |    36 ||    89

Table legend:
 A = Non-vault XP
 B = Vault XP
 C = Vault XP percentage of total XP
 D = Non-vault monster count
 E = Vault monster count
 F = Vault count percentage of total count
                 A         B        C        D         E       F
            +---------+---------+-------+---------+---------+-------
      Total |     424 |       0 |   0.0 |      52 |       0 |   0.0
            +---------+---------+-------+---------+---------+-------
        D:1 |      40 |       0 |   0.0 |      21 |       0 |   0.0
        D:2 |      27 |       0 |   0.0 |      15 |       0 |   0.0
        D:3 |     357 |       0 |   0.0 |      16 |       0 |   0.0
            +---------+---------+-------+---------+---------+-------
